 Dungeon Sprint DCSS version 0.30-a0-528-g8c47a4955b (webtiles) character file.

Game seed: 7166135907112127504

3909 Angani the Thaumaturge (level 10, -2/85 HPs)
             Began as a Gnoll Warper on Dec 23, 2022.
             Was the Champion of Cheibriados.
             Slain by a six-headed hydra (7 damage)
             ... in the Dungeon (Sprint VII: "The Pits").
             The game lasted 00:04:30 (1236 turns).

Angani the Thaumaturge (Gnoll Warper)               Turns: 1236, Time: 00:04:31

Health: -2/85      AC: 15    Str: 27    XL:     10   Next: 20%
Magic:  3/24       EV: 23    Int: 31    God:    Cheibriados [******]
Gold:   0          SH:  0    Dex: 26    Spells: 20/29 levels left

rFire   . . .      SeeInvis .    s - +4 quarterstaff (drain)
rCold   . . .      Faith    .    (shield currently unavailable)
rNeg    . . .      Spirit   .    o - +5 ring mail
rPois   .          Reflect  .    (no helmet)
rElec   .          Harm     .    (no cloak)
rCorr   .          Rampage  .    (no gloves)
Will    .....      NoTele   +    (no boots)
Stlth   ++++                     (no amulet)
HPRegen 0.34/turn                p - +3 ring of protection
MPRegen 0.19/turn                j - +3 ring of evasion

@: very slow
A: fangs 1, strong nose, distributed training
a: Renounce Religion, Bend Time, Temporal Distortion, Slouch, Step From Time


You were in the Dungeon.
You worshipped Cheibriados.
Cheibriados was exalted by your worship.
You visited 1 branch

Inventory:

Hand Weapons
 s - a +4 quarterstaff of draining (weapon)
Missiles
 d - 5 boomerangs of dispersal (quivered)
Armour
 o - a +5 ring mail (worn)
Jewellery
 j - a +3 ring of evasion (right hand)
 p - a +3 ring of protection (left hand)
Scrolls
 c - 2 scrolls of blinking
 k - 5 scrolls of amnesia
 l - a scroll of summoning
 m - 2 scrolls of vulnerability
Potions
 a - 2 potions of invisibility
 e - 5 potions of curing
 f - 6 potions of heal wounds
 g - 2 potions of haste
 h - 4 potions of magic
 i - 4 potions of berserk rage
 q - 2 potions of might
 r - 3 potions of mutation


   Skills:
 + Level 10.1 Fighting
 + Level 9.0 Short Blades
 + Level 10.1 Long Blades
 + Level 9.0 Axes
 + Level 9.0 Maces & Flails
 + Level 9.0 Polearms
 + Level 9.0 Staves
 + Level 9.0 Ranged Weapons
 + Level 9.3 Throwing
 + Level 9.3 Armour
 + Level 10.1 Dodging
 + Level 9.0 Stealth
 + Level 9.0 Shields
 + Level 9.0 Unarmed Combat
 + Level 10.3 Spellcasting
 + Level 7.4 Conjurations
 + Level 7.4 Hexes
 + Level 7.4 Summonings
 + Level 7.4 Necromancy
 + Level 9.3 Translocations
 + Level 7.4 Transmutations
 + Level 7.4 Fire Magic
 + Level 7.4 Ice Magic
 + Level 7.4 Air Magic
 + Level 7.4 Earth Magic
 + Level 7.4 Poison Magic
 + Level 9.8 Invocations
 + Level 9.0 Evocations


You had 20 spell levels left.
You knew the following spells:

 Your Spells              Type           Power      Damage    Failure   Level
a - Manifold Assault      Tloc           65%        N/A       1%          4
b - Blink                 Tloc           100%       N/A       1%          2
c - Vhi's Electric Charg  Tloc/Air       100%       N/A       1%          3

Your spell library contained the following spells:

 Spells                   Type           Power      Damage    Failure   Level
 Lesser Beckoning         Tloc           100%       N/A       1%          3
 Teleport Other           Tloc           65%        N/A       1%          3


Dungeon Overview and Level Annotations

Branches:
Dungeon (1/1)

Altars:
Ashenzari
Cheibriados
Dithmenos
Elyvilon
Fedhas
Gozag
Hepliaklqana
Kikubaaqudgha
Makhleb
Nemelex Xobeh
Okawaru
Qazlal
Ru
Sif Muna
Trog
Uskayaw
Vehumet
Wu Jian
Xom
Yredelemnul
Zin
The Shining One
Jiyva
Lugonu


Innate Abilities, Weirdness & Mutations

You have very sharp teeth.
Your uncanny sense of smell can sniff out nearby items.
Your experience applies equally to all skills.


Message History

You kill the swamp dragon!
Cheibriados thoroughly appreciates the change of pace.
The swamp dragon scales are intact enough to wear.
You kill the deep troll!
Cheibriados appreciates the change of pace.
The six-headed hydra completely misses you.
The six-headed hydra bites you!
* * * LOW HITPOINT WARNING * * *
The six-headed hydra bites you.
* * * LOW HITPOINT WARNING * * *
The six-headed hydra bites you.
* * * LOW HITPOINT WARNING * * *
The six-headed hydra bites you!
* * * LOW HITPOINT WARNING * * *
The six-headed hydra bites you but does no damage.
Your Fighting skill increases to level 10!
Your Short Blades skill increases to level 9!
Your Long Blades skill increases to level 10!
Your Axes skill increases to level 9!
Your Maces & Flails skill increases to level 9!
Your Polearms skill increases to level 9!
Your Staves skill increases to level 9!
Your Ranged Weapons skill increases to level 9!
Your Throwing skill increases to level 9!
Your Armour skill increases to level 9!
Your Dodging skill increases to level 10!
Your Stealth skill increases to level 9!
Your Shields skill increases to level 9!
Your Unarmed Combat skill increases to level 9!
Your Spellcasting skill increases to level 10!
Your Evocations skill increases to level 9!
You have reached level 10!
Unknown command.
Unknown command.
You barely miss the six-headed hydra.
You bite the six-headed hydra, but do no damage.
The six-headed hydra is almost dead.
The six-headed hydra completely misses you.
The six-headed hydra misses you. The six-headed hydra bites you!
You die...

....#..#......#
..............+
..............+
....#..#......#
..............#
#'#####''######
.....##''################
.....##..#....).........#
.....##..##.).)D@........
.<...##..####.)[#'######
.....##..#..#####.## .#
.....##..#....##...# ..#
.....##..'.....#)..#...#..
#######..'....[')..).:)'..
#######..'....)#...#...#..
#..[[##..#....##...#...#
#..[[##..#..#####.## ..#


You could see a six-headed hydra.

Vanquished Creatures
  An anaconda (D)
  A deep troll (D)
  A swamp dragon (D)
  An unseen horror (D)
  A smoke demon (D)
  2 ice devils (D)
  A jumping spider (D)
  A fire bat (D)
  2 water moccasins (D)
  A floating eye (D)
  An ice beast (D)
  An ogre (D)
  4 wights (D)
  A crimson imp (D)
  3 gnoll boudas (D)
  A hell rat (D)
  An orc wizard (D)
  12 gnolls (D)
  3 orcs (D)
  An endoplasm (D)
  A giant cockroach (D)
  A goblin (D)
  4 jackals (D)
  2 kobolds (D)
  2 bats (D)
  2 frilled lizards (D)
  A rat (D)
53 creatures vanquished.

Notes
Turn   | Place    | Note
-------+----------+-------------------------------------------
     0 | D        | Angani the Gnoll Warper began the quest for the Orb.
     0 | D        | Reached XP level 1. HP: 20/20 MP: 6/6
    20 | D        | Reached skill level 5 in Spellcasting
    28 | D        | Reached skill level 1 in Invocations
    30 | D        | Reached skill level 1 in Short Blades
    30 | D        | Reached skill level 1 in Axes
    30 | D        | Reached skill level 1 in Maces & Flails
    30 | D        | Reached skill level 1 in Polearms
    30 | D        | Reached skill level 1 in Staves
    30 | D        | Reached skill level 1 in Ranged Weapons
    30 | D        | Reached skill level 1 in Stealth
    30 | D        | Reached skill level 1 in Shields
    30 | D        | Reached skill level 1 in Unarmed Combat
    30 | D        | Reached skill level 1 in Evocations
    81 | D        | Found a bloodstained altar of Trog.
    81 | D        | Found a shimmering blue altar of Sif Muna.
    81 | D        | Found a viscous altar of Jiyva.
    81 | D        | Found a hazy altar of Hepliaklqana.
    81 | D        | Found an opulent altar of Gozag.
    82 | D        | Found a glowing golden altar of the Shining One.
    82 | D        | Found a glowing silver altar of Zin.
    82 | D        | Found a basalt altar of Yredelemnul.
    82 | D        | Found a shimmering altar of Xom.
    82 | D        | Found an ornate altar of the Wu Jian Council.
    82 | D        | Found a sacrificial altar of Ru.
    82 | D        | Found a stormy altar of Qazlal.
    82 | D        | Found an iron altar of Okawaru.
    82 | D        | Found a sparkling altar of Nemelex Xobeh.
    82 | D        | Found a burning altar of Makhleb.
    82 | D        | Found a blossoming altar of Fedhas.
    82 | D        | Found a white marble altar of Elyvilon.
    82 | D        | Found a shadowy altar of Dithmenos.
    82 | D        | Found a snail-covered altar of Cheibriados.
    83 | D        | Found a radiant altar of Vehumet.
    83 | D        | Found a corrupted altar of Lugonu.
    84 | D        | Found an ancient bone altar of Kikubaaqudgha.
    84 | D        | Found a hide-covered altar of Uskayaw.
    84 | D        | Found a broken altar of Ashenzari.
    91 | D        | Became a worshipper of Cheibriados the Contemplative
   133 | D        | Reached skill level 1 in Conjurations
   133 | D        | Reached skill level 1 in Hexes
   133 | D        | Reached skill level 1 in Summonings
   133 | D        | Reached skill level 1 in Necromancy
   133 | D        | Reached skill level 1 in Transmutations
   133 | D        | Reached skill level 1 in Fire Magic
   133 | D        | Reached skill level 1 in Ice Magic
   133 | D        | Reached skill level 1 in Air Magic
   133 | D        | Reached skill level 1 in Earth Magic
   133 | D        | Reached skill level 1 in Poison Magic
   133 | D        | Reached XP level 2. HP: 24/26 MP: 8/8
   141 | D        | Reached * piety under Cheibriados
   142 | D        | Reached XP level 3. HP: 27/32 MP: 9/9
   142 | D        | Reached ** piety under Cheibriados
   143 | D        | Reached skill level 5 in Fighting
   143 | D        | Reached skill level 5 in Long Blades
   143 | D        | Reached skill level 5 in Dodging
   161 | D        | Noticed a floating eye
   162 | D        | Noticed a fire bat
   170 | D        | Killed a fire bat
   170 | D        | Reached *** piety under Cheibriados
   171 | D        | Reached XP level 4. HP: 29/40 MP: 10/12
   171 | D        | Reached XP level 5. HP: 34/46 MP: 10/13
   173 | D        | Killed a floating eye
   174 | D        | Reached skill level 5 in Throwing
   174 | D        | Reached skill level 5 in Armour
   174 | D        | Reached XP level 6. HP: 40/53 MP: 10/15
   258 | D        | Noticed a water moccasin
   274 | D        | Killed a water moccasin
   274 | D        | Reached **** piety under Cheibriados
   275 | D        | Reached skill level 5 in Short Blades
   275 | D        | Reached skill level 5 in Axes
   275 | D        | Reached skill level 5 in Maces & Flails
   275 | D        | Reached skill level 5 in Polearms
   275 | D        | Reached skill level 5 in Staves
   275 | D        | Reached skill level 5 in Ranged Weapons
   275 | D        | Reached skill level 5 in Stealth
   275 | D        | Reached skill level 5 in Shields
   275 | D        | Reached skill level 5 in Unarmed Combat
   275 | D        | Reached skill level 5 in Invocations
   275 | D        | Reached skill level 5 in Evocations
   281 | D        | Reached XP level 7. HP: 21/60 MP: 17/17
   287 | D        | Reached ***** piety under Cheibriados
   493 | D        | Reached ****** piety under Cheibriados
   500 | D        | Reached skill level 5 in Conjurations
   500 | D        | Reached skill level 5 in Hexes
   500 | D        | Reached skill level 5 in Summonings
   500 | D        | Reached skill level 5 in Necromancy
   500 | D        | Reached skill level 5 in Transmutations
   500 | D        | Reached skill level 5 in Fire Magic
   500 | D        | Reached skill level 5 in Ice Magic
   500 | D        | Reached skill level 5 in Air Magic
   500 | D        | Reached skill level 5 in Earth Magic
   500 | D        | Reached skill level 5 in Poison Magic
   545 | D        | Noticed a smoke demon
   547 | D        | Reached XP level 8. HP: 38/68 MP: 14/20
   551 | D        | Killed a smoke demon
   902 | D        | Learned a level 4 spell: Manifold Assault
   905 | D        | Learned a level 2 spell: Blink
   911 | D        | Learned a level 3 spell: Vhi's Electric Charge
   982 | D        | Noticed an ice devil
   987 | D        | Killed an unseen horror
  1013 | D        | Noticed an anaconda
  1014 | D        | Noticed a jumping spider
  1017 | D        | Killed a jumping spider
  1018 | D        | Reached XP level 9. HP: 75/75 MP: 15/22
  1019 | D        | Killed an anaconda
  1035 | D        | Noticed an ice devil
  1052 | D        | Killed an ice devil
  1054 | D        | Killed an ice devil
  1230 | D        | Noticed a swamp dragon
  1231 | D        | Noticed a deep troll
  1231 | D        | Noticed a six-headed hydra
  1235 | D        | Killed a swamp dragon
  1235 | D        | Killed a deep troll
  1236 | D        | Reached skill level 10 in Fighting
  1236 | D        | Reached skill level 10 in Long Blades
  1236 | D        | Reached skill level 10 in Dodging
  1236 | D        | Reached skill level 10 in Spellcasting
  1236 | D        | Reached XP level 10. HP: 4/85 MP: 2/24
  1236 | D        | Slain by a six-headed hydra

Illustrated notes

Levels and vault maps discovered:
D:        pitsprint [storerooms_1, entrance_room_1, metal_vault_1, armoury_3,
          mini_pit_1, grid_room_1, main_hall_1, silver_pit, the_coven_1,
          the_vestibule_1, steel_vault_3, golden_pit, hallway_of_sentries,
          crystal_vault_1, iron_vault_5, final_vault]

Skill      XL: |  1  2  3  4  5  6  7  8  9 |
---------------+----------------------------+-----
Spellcasting   | 5 6 7 8 9 10 | 10.3
Invocations    | 1 2 4 5 7 8 9 |  9.8
Short Blades   | 1 3 4 5 6 7 9 |  9.0
Axes           | 1 3 4 5 6 7 9 |  9.0
Maces & Flails | 1 3 4 5 6 7 9 |  9.0
Polearms       | 1 3 4 5 6 7 9 |  9.0
Staves         | 1 3 4 5 6 7 9 |  9.0
Ranged Weapons | 1 3 4 5 6 7 9 |  9.0
Stealth        | 1 3 4 5 6 7 9 |  9.0
Shields        | 1 3 4 5 6 7 9 |  9.0
Unarmed Combat | 1 3 4 5 6 7 9 |  9.0
Evocations     | 1 3 4 5 6 7 9 |  9.0
Throwing       | 3 4 5 6 7 9 |  9.3
Armour         | 3 4 5 6 7 9 |  9.3
Conjurations   | 1 3 4 5 6 7 |  7.4
Hexes          | 1 3 4 5 6 7 |  7.4
Summonings     | 1 3 4 5 6 7 |  7.4
Necromancy     | 1 3 4 5 6 7 |  7.4
Transmutations | 1 3 4 5 6 7 |  7.4
Fire Magic     | 1 3 4 5 6 7 |  7.4
Ice Magic      | 1 3 4 5 6 7 |  7.4
Air Magic      | 1 3 4 5 6 7 |  7.4
Earth Magic    | 1 3 4 5 6 7 |  7.4
Poison Magic   | 1 3 4 5 6 7 |  7.4
Fighting       | 6 7 8 10 | 10.1
Long Blades    | 6 7 8 10 | 10.1
Dodging        | 6 7 8 10 | 10.1
Translocations | 6 7 8 9 |  9.3

Action                   |  1- 3 |  4- 6 |  7- 9 | 10-12 || total
-------------------------+-------+-------+-------+-------++-------
Melee: Falchion          |    19 |       |       |       ||    19
       Hand axe          |    17 |     2 |       |       ||    19
       Bite              |     3 |     2 |    13 |     1 ||    19
       Punch             |     1 |       |       |       ||     1
       Quarterstaff      |       |    18 |    65 |     1 ||    84
Throw: Boomerang         |       |       |     2 |       ||     2
Invok: Slouch            |       |       |     9 |       ||     9
  Use: Potion            |       |     1 |     2 |       ||     3
 Stab: Sleeping          |     2 |       |       |       ||     2
Armor: Leather armour    |    22 |       |       |       ||    22
       Chain mail        |       |     5 |    21 |       ||    26
       Ring mail         |       |       |    13 |       ||    13
Dodge: Dodged            |    45 |    13 |    84 |     2 ||   144

Table legend: (Time is in decaauts)
 A = Elapsed time spent in this place.
 B = Non-inter-level travel time spent in this place.
 C = Inter-level travel time spent in this place.
 D = Time resting spent in this place.
 E = Time spent auto-exploring this place.
 F = Levels seen in this place.
 G = Mean time per level.
                   A        B        C        D        E       F      G
               +--------+--------+--------+--------+--------+-----+--------+
         Total |   1462 |   1347 |    115 |    722 |      0 |   1 | 1462.0 |
       Dungeon |   1462 |   1347 |    115 |    722 |      0 |   1 | 1462.0 |
               +--------+--------+--------+--------+--------+-----+--------+

Top non-repeatable levels by time:
       D: 1462 daAuts
